 Dungeon Crawl Stone Soup version 0.31-a0-232-gb1c03b2570 (webtiles) character file.

Game seed: 6250748678601468219

497 qw the Shooter (level 6, 0/52 HPs)
             Began as a Minotaur Hexslinger on July 7, 2023.
             Slain by a black bear (7 damage)
             ... on level 4 of the Dungeon.
             The game lasted 00:01:07 (2463 turns).

qw the Shooter (Minotaur Hexslinger)                Turns: 2463, Time: 00:01:08

Health: 0/52       AC:  6    Str: 12    XL:     6   Next: 93%
Magic:  6/6        EV: 11    Int: 10    God:
Gold:   105        SH:  0    Dex: 15    Spells: 6/7 levels left

rFire   + + .        Y - +4 sling
rCold   . . .        (no shield)
rNeg    . . .        c - +0 ring mail {rF+}
rPois   .            (helmet restricted)
rElec   .            (no cloak)
rCorr   .            (no gloves)
SInv    .            d - +0 pair of boots
Will    .....        (no amulet)
Stlth   +            (no ring)
HPRegen 0.28/turn    (no ring)
MPRegen 0.10/turn

%: clarity
@: about to teleport
A: horns 2, retaliatory headbutt, claws 1, clarity, fire resistance 1
a: no special abilities


You were on level 4 of the Dungeon.
You visited 1 branch of the dungeon, and saw 4 of its levels.

You collected 147 gold pieces.
You spent 42 gold pieces at shops.


Innate Abilities, Weirdness & Mutations

You have a pair of horns on your head.
You reflexively headbutt those who attack you in melee.
You have sharp fingernails.
You possess an exceptional clarity of mind.
Your flesh is heat resistant. (rF+)


   Skills:
 - Level 4.0 Fighting
 + Level 7.3 Ranged Weapons
 - Level 1.0 Armour
 - Level 2.1 Dodging
 - Level 1.0 Spellcasting
 - Level 2.0 Hexes


You had 6 spell levels left.
You knew the following spells:

 Your Spells              Type           Power      Damage    Failure   Level
a - Slow                  Hex            16%        N/A       34%         1

Your spell library contained the following spells:

 Spells                   Type           Power      Damage    Failure   Level
 Inner Flame              Hex/Fire       2%         N/A       83%         3
 Portal Projectile        Hex/Tloc       4%         N/A       83%         3
 Cause Fear               Hex            2%         N/A       98%         4

Inventory:

Hand Weapons
 Y - a +4 sling (weapon)
Armour
 c - a +0 ring mail of fire resistance (worn)
 d - a +0 pair of boots (worn)
 h - a +0 pair of gloves
Scrolls
 f - 2 scrolls of teleportation
 j - 3 scrolls of identify
Potions
 a - a potion of heal wounds {unknown}
 b - a potion of curing
 e - a potion of ambrosia {unknown}
 g - a potion of mutation
 i - a potion of resistance {unknown}

Dungeon Overview and Level Annotations

Branches:
Dungeon (4/15)
 Temple: D:4-7

Altars:
Vehumet

Shops:
D:2 :!


Message History

You shoot a sling bullet. The sling bullet hits the orc.
You kill the orc!
You shoot a sling bullet. The sling bullet hits the orc!
You kill the orc!
The orc hits you with a +0 hand axe.
You shoot a sling bullet.
The sling bullet hits the orc but does no damage.
The orc hits you with a +0 hand axe. The orc hits you but does no damage.
You shoot a sling bullet. The sling bullet hits the black bear.
The black bear is lightly wounded.
The orc hits you with a +0 hand axe. x2; The black bear bites you.
The black bear claws you but does no damage. x2
The orc barely misses you. The orc hits you with a +0 hand axe.
The black bear bites you.
The black bear claws you but does no damage. x2
You shoot a sling bullet. The sling bullet hits the black bear.
The black bear is moderately wounded.
The orc closely misses you. The orc hits you but does no damage.
The black bear bites you. The black bear barely misses you.
The black bear claws you but does no damage.
You shoot a sling bullet.
The sling bullet closely misses the black bear.
The orc closely misses you. The orc hits you but does no damage.
The black bear bites you. The black bear claws you.
The black bear claws you but does no damage.
You shoot a sling bullet.
The sling bullet closely misses the black bear.
The orc hits you but does no damage. The orc hits you with a +0 hand axe.
The black bear bites you but does no damage.
The black bear barely misses you. x2
You shoot a sling bullet. The sling bullet hits the black bear.
The black bear is heavily wounded.
The orc barely misses you. The orc hits you with a +0 hand axe.
The black bear barely misses you. x2; The black bear claws you.
2463 ||| READING 3 scrolls of teleportation.
As you read the scroll of teleportation, it crumbles to dust.
You feel strangely unstable. The orc hits you with a +0 hand axe.
The orc closely misses you. The black bear bites you!
You die...

###..............#.........##
#.............#..#.........#
###....)...).###...........##
###...........#.............#
#..................#.....##.#
##................##...##...#
#...##............#...# #....
##..####.............. #....
#### #####@h....... #....
#.oo...... .####.. ##........
........ ......... ##......
......... ##^.... ..##......
#..... #. ...... #..... ##
...... ..##... .. ....


You could see a black bear and 2 orcs.

Vanquished Creatures
  A black bear (D:4)
  Blork the orc (D:4)
  A scorpion (D:4)
  A jelly (D:4)
  2 iguanas
  An orc wizard (D:4)
  Robin (D:2)
  7 gnolls (D:4)
  3 adders
  A dart slug (D:2)
  7 orcs
  6 bats
  3 endoplasms
  4 giant cockroaches
  11 goblins
  3 hobgoblins
  2 jackals (D:3)
  10 kobolds
  2 quokkas (D:3)
  10 ball pythons
  2 frilled lizards (D:1)
  A rat (D:1)
80 creatures vanquished.

Vanquished Creatures (others)
  An orc priest (D:4)
  An orc (D:4)
  A ball python (D:4)
  A goblin (D:4)
4 creatures vanquished.

Grand Total: 84 creatures vanquished

Notes
Turn   | Place    | Note
-------+----------+-------------------------------------------
     0 | D:1      | qw the Minotaur Hexslinger began the quest for the Orb.
     0 | D:1      | Reached XP level 1. HP: 16/16 MP: 1/1
     0 | D:1      | 0 ||| qw: Version: 0.3-a-46-gb1f654a
     0 | D:1      | 0 ||| qw: Game counter: 2429
     0 | D:1      | 0 ||| qw: Melee chars always use a shield: true
     0 | D:1      | 0 ||| qw: God list: Okawaru
     0 | D:1      | 0 ||| qw: Allow faded altars: false
     0 | D:1      | 0 ||| qw: Do Orc after clearing Dungeon:15 true
     0 | D:1      | 0 ||| qw: Do second Lair branch before Depths: true
     0 | D:1      | 0 ||| qw: Lair rune preference: random
     0 | D:1      | 0 ||| qw: Goals: Normal
     0 | D:1      | 0 ||| PLANNING D:1-11
   268 | D:1      | Reached skill level 3 in Ranged Weapons
   277 | D:1      | Reached XP level 2. HP: 23/23 MP: 2/2
   440 | D:1      | 440 ||| UPGRADING to +0 ring mail.
   450 | D:1      | 450 ||| DROPPING +0 robe.
   451 | D:1      | 451 ||| READING scroll labelled XEVADO SIUTYM.
   454 | D:1      | 454 ||| READING scroll labelled OLEJIR FICAGYU.
   455 | D:1      | 455 ||| READING scroll labelled ZAELOI SEPPYIR.
   456 | D:1      | 456 ||| DROPPING scroll of poison.
   574 | D:2      | Identified the +0 helmet "Qiohifor" {Fly Int+3 SInv}
   574 | D:2      | Noticed Robin
   579 | D:2      | 579 ||| FLEEEEING.
   580 | D:2      | 580 ||| FLEEEEING.
   581 | D:2      | 581 ||| FLEEEEING.
   582 | D:2      | 582 ||| FLEEEEING.
   583 | D:2      | 583 ||| FLEEEEING.
   584 | D:2      | 584 ||| FLEEEEING.
   585 | D:2      | 585 ||| FLEEEEING.
   586 | D:2      | 586 ||| FLEEEEING.
   587 | D:2      | 587 ||| FLEEEEING.
   588 | D:2      | 588 ||| FLEEEEING.
   592 | D:2      | 592 ||| STAIRDANCE
   694 | D:1      | 694 ||| DROPPING +6 ring of intelligence.
   711 | D:2      | HP: 6/24 [goblin/+0 club[Robin] (5)]
   712 | D:2      | HP: 2/24 [goblin/+0 club[Robin] (4)]
   713 | D:2      | Killed Robin
   714 | D:2      | Reached XP level 3. HP: 3/29 MP: 3/3
   867 | D:2      | Reached skill level 4 in Ranged Weapons
   944 | D:2      | Found Kigoer's Distillery.
   952 | D:2      | 952 ||| BUYING potion of curing (42 gold).
   952 | D:2      | Bought a potion of curing for 42 gold pieces
   952 | D:2      | 952 ||| SHOPLISTING potion of curing (42 gold, have 3).
   952 | D:2      | 952 ||| SHOPLISTING potion of enlightenment (70 gold, have
                  | 3).
   952 | D:2      | 952 ||| SHOPLISTING potion of heal wounds (70 gold, have
                  | 3).
   952 | D:2      | 952 ||| SHOPLISTING potion of might (56 gold, have 3).
  1127 | D:2      | 1127 ||| READING scroll of enchant weapon.
  1127 | D:2      | 1127 ||| ENCHANTING +2 sling.
  1200 | D:2      | Found Fanisk's Book Emporium.
  1338 | D:2      | 1338 ||| UPGRADING to +0 ring mail of fire resistance.
  1348 | D:2      | 1348 ||| UPGRADING to +0 pair of boots.
  1353 | D:2      | 1353 ||| DROPPING +0 ring mail.
  1354 | D:2      | 1354 ||| READING scroll labelled MASKEDGH GEHAO.
  1393 | D:3      | Reached skill level 1 in Armour
  1393 | D:3      | 1393 ||| STAIRDANCE
  1476 | D:3      | Reached XP level 4. HP: 35/36 MP: 4/4
  1581 | D:3      | Reached skill level 5 in Ranged Weapons
  1792 | D:3      | 1792 ||| READING scroll of enchant weapon.
  1792 | D:3      | 1792 ||| ENCHANTING +3 sling.
  1898 | D:3      | 1898 ||| READING scroll labelled IREKHL ZO KEIGG.
  1899 | D:3      | 1899 ||| DRINKING 2 metallic ruby potions.
  1899 | D:3      | Gained mutation: Your flesh is heat resistant. (rF+)
                  | [potion of mutation]
  1899 | D:3      | Gained mutation: You have hidden genetic potential. [potion
                  | of mutation]
  1912 | D:4      | Noticed a scorpion
  1918 | D:4      | Killed a scorpion
  1919 | D:4      | Reached skill level 3 in Fighting
  1919 | D:4      | Reached XP level 5. HP: 46/46 MP: 5/5
  1957 | D:4      | Gained mutation: You have sharp fingernails. [hidden
                  | potential]
  2131 | D:4      | Noticed a black bear
  2138 | D:4      | Killed a black bear
  2139 | D:4      | Reached skill level 6 in Ranged Weapons
  2139 | D:4      | Reached XP level 6. HP: 36/52 MP: 6/6
  2287 | D:4      | Noticed Blork the orc
  2289 | D:4      | Gained mutation: You possess an exceptional clarity of
                  | mind. [hidden potential]
  2289 | D:4      | Lost mutation: You have hidden genetic potential. [hidden
                  | potential expressed]
  2291 | D:4      | 2291 ||| FLEEEEING.
  2292 | D:4      | 2292 ||| FLEEEEING.
  2293 | D:4      | 2293 ||| FLEEEEING.
  2296 | D:4      | 2296 ||| FLEEEEING.
  2297 | D:4      | 2297 ||| FLEEEEING.
  2298 | D:4      | 2298 ||| FLEEEEING.
  2299 | D:4      | 2299 ||| FLEEEEING.
  2300 | D:4      | 2300 ||| FLEEEEING.
  2301 | D:4      | 2301 ||| FLEEEEING.
  2313 | D:4      | Killed Blork the orc
  2373 | D:4      | Found a radiant altar of Vehumet.
  2447 | D:4      | Reached skill level 7 in Ranged Weapons
  2462 | D:4      | HP: 13/52 [orc/+0 hand axe (2)]
  2463 | D:4      | 2463 ||| READING 3 scrolls of teleportation.
  2463 | D:4      | Slain by a black bear

Levels and vault maps discovered:
D:1:      dpeg_arrival_solitude, layout_basic
D:2:      layout_basic, serial_forest, infiniplex_forest_3_way,
          infiniplex_forest_straight_2, infiniplex_forest_lined_corner,
          infiniplex_forest_lined_ring, infiniplex_forest_straight_1,
          infiniplex_forest_fountain, infiniplex_forest_end_1,
          infiniplex_forest_straight_2, serial_shops, shop, shop_fountains,
          uniq_robin
D:3:      layout_basic, columned_hall_lemuel, dk_noncrumbling_4
D:4:      layout_cave_pools, fiery_altar_vehumet, uniq_blork_the_orc

Skill      XL: |  1  2  3  4  5  6 |
---------------+-------------------+-----
Ranged Weapons | 3 4 5 6 7 |  7.3
Fighting       | 2 3 4 |  4.0
Armour         | 1 |  1.0
Dodging        | |  2.1
Spellcasting   | |  1.0
Hexes          | |  2.0

Action                     |  1- 3 |  4- 6 || total
---------------------------+-------+-------++-------
  Melee: Unarmed           |     4 |       ||     4
   Fire: Sling             |    85 |   151 ||   236
    Use: Scroll            |     5 |     3 ||     8
         Potion            |       |     1 ||     1
 Armour: Robe              |     4 |       ||     4
         Ring mail         |    22 |    23 ||    45
  Dodge: Dodged            |    27 |    47 ||    74

Table legend:
 A = Non-vault XP
 B = Vault XP
 C = Vault XP percentage of total XP
 D = Non-vault monster count
 E = Vault monster count
 F = Vault count percentage of total count
                 A         B        C        D         E       F
            +---------+---------+-------+---------+---------+-------
      Total |     585 |     126 |  17.7 |      72 |       8 |  10.0
            +---------+---------+-------+---------+---------+-------
        D:1 |      17 |       0 |   0.0 |      11 |       0 |   0.0
        D:2 |      37 |      26 |  41.3 |      13 |       7 |  35.0
        D:3 |      99 |       0 |   0.0 |      23 |       0 |   0.0
        D:4 |     432 |     100 |  18.8 |      25 |       1 |   3.8
            +---------+---------+-------+---------+---------+-------
